← All builds
Beach sea / Armada / Economy first / OBSERVED BUILD

Standard beach sea

Armada Beach sea build order · Supreme Isthmus

Economy-first sea play: shipyard right away, a destroyer by around 5 minutes, then an Advanced Metal Extractor as the eco scales up, with later ships like corvette, frigate and submarine filling out the fleet; this is the role's baseline…

Usually shipyard first (93%)

#naval #eco · 933 distinct matches · 157 players · 72% of Armada Beach sea games · team won 50% of 1002 · Recently observed

HOW TO PLAY IT

Key timing: Shipyard by 1:40, first destroyer by 4:52

  1. Open 3 mex into tidal generators for early energy.
  2. Rush Shipyard straight from the opening eco.
  3. Keep adding mex and naval energy converters to fund the fleet.
  4. Get your first destroyer out to contest the sea.
  5. Transition into Advanced Metal Extractor as eco scales.

Phase by phase

TYPICAL OF ITS 933 GAMES · AGAINST STANDARD BEACH SEA
  1. 1
  2. 2
  3. 3
PLAY THE OPENING

Follow the example game's first 6:00 step by step: what to build now, what comes next, and where it goes. At 1× it keeps pace with your own game.

  1. 1

    Up to the Shipyard

    Economy
    • Metal Extractor3Mex
    • Wind Turbine2Windfor allies+2 vs standard
    • Wind Turbine1Wind−4 vs standard
    Order
    1. ShipyardShipyard after 3 mex, 1 winddone ~1:45, middle half 1:27–2:01

    Some games also: tidal (37%) · energy storage (35%)

    By 1:27 in all: 3 mex · 1 wind (standard 5)

    The example game in this phase · 4 steps
    1. Mex ×3
    2. Wind
    3. Tidal
    4. ShipyardShipyarddone 1:24 · typical 1:45
  2. 2

    Shipyard to 5:00

    Economy
    • Metal Extractor5Mex
    • Wind Turbine2Wind−3 vs standard
    • Tidal Generator2Tidal+2 vs standard
    Builders
    • Construction Ship2 Con ship +2 vs standard
    Army
    • Dolphin3 Dolphin +3 vs standard
    • Skater2 Skater
    • Corsair1 Destroyer
    Other
    • Naval Radar / Sonar Tower1 Naval Radar / Sonar Tower

    Some games also: Harpoon (42%) · con turret (35%) · frigate (34%) · submarine (33%) · Sentry (31%)

    The standard build makes here, this one skips: 3 con hovercraft · 7 seeker

    By 5:00 in all: 8 mex · 4 wind (standard 10) · 3 tidal (standard 0)

    The example game in this phase · 23 steps
    1. Tidal
    2. Construction ShipCon ship
    3. Tidal
    4. DolphinDolphin
    5. Tidal
    6. Mex
    7. DolphinDolphin ×2
    8. Mex
    9. DolphinDolphin
    10. Wind
    11. EllysawFrigate
    12. Tidal ×2
    13. Construction ShipCon ship
    14. Tidal ×2
    15. SkaterSkater
    16. Tidal
    17. SkaterSkater ×2
    18. Tidal
    19. CorsairDestroyerdone 5:25 · typical 4:59
    20. Naval Construction Turret
    21. Naval Energy Converter
    22. Mex ×2
    23. Con turret
  3. 3

    5:00 to 10:00

    Economy
    • Metal Extractor2Mex
    • Wind Turbine11Wind
    Builders
    • Naval Construction Turret1 Naval Construction Turret
    • Grim Reaper1 Grim Reaper
    Army
    • Sentry1 Sentry
    • Harpoon1 Harpoon
    • Dolphin3 Dolphin
    • Corsair2 Destroyer
    • Skater2 Skater
    Other
    • Naval Radar / Sonar Tower1 Naval Radar / Sonar Tower

    Some games also: con ship (49%) · frigate (46%) · Radar Tower (41%) · tidal (40%) · con turret (39%)

    By 10:00 in all: 10 mex · 15 wind (standard 23) · 4 tidal (standard 0) · 1 energy storage · 1 con turret · 1 Naval Construction Turret

    The example game in this phase · 52 steps
    1. Mex
    2. Wind
    3. Naval Energy Converter
    4. EelSubmarinedone 5:58
    5. Wind
    6. HarpoonHarpoon
    7. Wind
    8. Naval Radar / Sonar TowerNaval Radar / Sonar Tower
    9. Wind
    10. Naval Radar / Sonar TowerNaval Radar / Sonar Tower
    11. EelSubmarine
    12. Wind
    13. Mex
    14. Wind
    15. Naval Radar / Sonar TowerNaval Radar / Sonar Tower
    16. SentrySentry
    17. Wind
    18. DolphinDolphin
    19. Naval Energy Converter
    20. SentrySentry
    21. Wind
    22. DolphinDolphin
    23. SentrySentry
    24. Wind
    25. Naval Energy Converter
    26. DolphinDolphin
    27. SentrySentry
    28. Wind
    29. Grim ReaperGrim Reaper
    30. Radar TowerRadar Tower
    31. Wind
    32. DolphinDolphin
    33. Wind
    34. DolphinDolphin
    35. Wind ×2
    36. DolphinDolphin
    37. Wind
    38. Mex
    39. Wind
    40. Mex
    41. DolphinDolphin
    42. Wind
    43. DolphinDolphin
    44. Advanced Metal ExtractorT2 mexnot finished by 15:00 · typical 10:04
    45. Naval Construction Turret
    46. Naval Radar / Sonar TowerNaval Radar / Sonar Tower
    47. Wind
    48. Tidal
    49. DolphinDolphin
    50. Naval Energy Converter
    51. DolphinDolphin
    52. Naval Energy Converter

Counts are medians over the build's games: half of them build more, half fewer. The example game is NuggetMuncher's (30 OS, 15/10/2026); pick another.

Team trades

IN AT LEAST 30% OF ITS GAMES

You hand over

  • Wind Turbine3 Wind to Airfirst at 1:42 · in 80% of games

You get

  • Finch1 Finch from Airfirst at 1:58 · in 77% of games
  • Lazarus1 Lazarus from Geofirst at 2:11 · in 53% of games
  • Hephaestus1 Heavy transport from Airfirst at 2:14 · in 62% of games
  • Hercules1 Light transport from Airfirst at 2:19 · in 38% of games
  • Construction Bot1 Con bot from Geofirst at 2:26 · in 69% of games
  • Advanced Construction Bot1 T2 con bot from Techfirst at 8:10 · in 88% of games

How it plays out

Typical game of this build, running totals by minute

Metal produced

010k20k30k
0:005:0010:0015:00

metal

Enemy metal destroyed

02.5k5k7.5k
0:005:0010:0015:00

metal

Own metal lost

02.5k5k7.5k
0:005:0010:0015:00

metal

1002 games.

Show as table
ByMetal produced: This buildEnemy metal destroyed: This buildOwn metal lost: This build
1:0040400
2:0093800
3:00158100
4:0025215151
5:003703241150
6:005095564352
7:0065801089681
8:00815116501129
9:00976924401794
10:001162233452554
11:001365942463317
12:001603350154085
13:001846658424921
14:002125265055867
15:002391173486606
WHAT THE NUMBERS SAY

This baseline wins less than half its games, trading sea kills for losses at a similar rate to the enemy through 15 minutes.

  • + Metal production outpaces enemy destruction early, 3733 vs 255 at 5:00.
  • + Kills and losses track closely by 15:00 (8342 vs 6711), an even fight.
  • − Team wins under half of games (47%).
  • − T2 factory reached in only 34% of games, the lowest tech rate among sea roles.
THE EXAMPLE YOU ARE READING

NuggetMuncher

30.2 OS · 15/10/2026

Open source match ↗

4 received units · includes a constructor
46 metal received · 3408 energy received

Allied construction assistance is unknown. Timings are observations, not a promise of solo reproducibility.

Typical milestones

Shipyard1:45Middle 50%: 1:27–2:01 · n=998
Corsair4:59Middle 50%: 4:22–5:56 · n=947
Advanced Metal Extractor10:04Middle 50%: 9:13–10:58 · n=837

Played most by

yeskinkot68games of this buildHummell61games of this buildTheSituation47games of this buildBlover38games of this buildGeeGee37games of this build